EL
HARRISBURG SENATORS @ READING FIGHTIN PHILS
08/02/2045
 
TOP OF THE 1ST
Harrisburg Senators batting - Pitching for Reading Fightin Phils : RHP Jeff Dailey
Pitching: RHP Jeff Dailey
Batting: SHB Dan Castaneda 0-0: Called Strike
0-1: Called Strike
0-2: Strikes out swinging
Batting: RHB Ryan Hiemer 0-0: Swinging Strike
0-1: Ball
1-1: Foul Ball, location: 2F
1-2: SINGLE (Flyball, 89S, EV 96.9 MPH)
Batting: LHB Nate Melendez 0-0: SINGLE (Groundball, 6MS, EV 66.9 MPH) (infield hit)
Ryan Hiemer to second
Batting: RHB Deshawn Boseman 0-0: Foul Ball, location: 2F
0-1: Foul Ball, location: 2F
0-2: Foul Ball, location: 2F
0-2: Grounds into double play, 6-4-3 (Groundball, 6, EV 80.0 MPH)
Top of the 1st over - 0 runs, 2 hits, 0 errors, 1 left on base; Harrisburg 0 - Reading 0
BOTTOM OF THE 1ST
Reading Fightin Phils batting - Pitching for Harrisburg Senators : RHP Kalititi Haki
Pitching: RHP Kalititi Haki
Batting: LHB Osamu Kubo 0-0: Foul Ball, location: 2F
0-1: Swinging Strike
0-2: Ball
1-2: Ground out 4-3 (Groundball, 4, EV 92.5 MPH)
Batting: RHB Alberto Ramirez 0-0: Foul Ball, location: 2F
0-1: Called Strike
0-2: Ground out 5-3 (Groundball, 56S, EV 70.6 MPH)
Batting: LHB Danny Hill 0-0: Called Strike
0-1: Ball
1-1: Ball
2-1: Ball
3-1: Foul Ball, location: 2F
3-2: SINGLE (Groundball, 4MD, EV 95.0 MPH)
Batting: LHB Jose Fierro 0-0: Ball
1-0: Ball
2-0: Swinging Strike
2-1: Fly out, F3 (Flyball, 3D, EV 88.8 MPH)
Bottom of the 1st over - 0 runs, 1 hit, 0 errors, 1 left on base; Harrisburg 0 - Reading 0
TOP OF THE 2ND
Harrisburg Senators batting - Pitching for Reading Fightin Phils : RHP Jeff Dailey
Batting: RHB Ben Welt 0-0: Called Strike
0-1: Ground out 6-3 (Groundball, 6, EV 88.8 MPH)
Batting: RHB Kevin Whitenack 0-0: Called Strike
0-1: Foul Ball, location: 2F
0-2: Strikes out swinging
Batting: RHB John McNeill 0-0: Fly out, F8 (Line Drive, 8RD, EV 105.6 MPH)
Top of the 2nd over - 0 runs, 0 hits, 0 errors, 0 left on base; Harrisburg 0 - Reading 0
BOTTOM OF THE 2ND
Reading Fightin Phils batting - Pitching for Harrisburg Senators : RHP Kalititi Haki
Batting: SHB Benjamin Brown 0-0: Called Strike
0-1: Called Strike
0-2: Foul Ball, location: 2F
0-2: Foul Ball, location: 2F
0-2: SINGLE (Flyball, 8RS, EV 97.5 MPH)
Batting: RHB Mark Schultz 0-0: Ball
1-0: Ball
2-0: Ball
3-0: Foul Ball, location: 2F
3-1: Grounds into double play, 4-6-3 (Groundball, 34, EV 85.0 MPH)
Batting: RHB Carlos Morejon 0-0: Called Strike
0-1: Fly out, F8 (Flyball, 89S, EV 85.6 MPH)
Bottom of the 2nd over - 0 runs, 1 hit, 0 errors, 0 left on base; Harrisburg 0 - Reading 0
TOP OF THE 3RD
Harrisburg Senators batting - Pitching for Reading Fightin Phils : RHP Jeff Dailey
Batting: RHB Jon Buscher 0-0: Ball
1-0: Called Strike
1-1: Called Strike
1-2: Strikes out looking
Batting: RHB Travis Stanley 0-0: Ball
1-0: Called Strike
1-1: Swinging Strike
1-2: Strikes out swinging
Batting: SHB Dan Castaneda 0-0: Ball
1-0: SINGLE (Groundball, 34S, EV 65.6 MPH) (infield hit)
Batting: RHB Ryan Hiemer 0-0: Ball
1-0: Fly out, F9 (Line Drive, 9, EV 97.5 MPH)
Top of the 3rd over - 0 runs, 1 hit, 0 errors, 1 left on base; Harrisburg 0 - Reading 0
BOTTOM OF THE 3RD
Reading Fightin Phils batting - Pitching for Harrisburg Senators : RHP Kalititi Haki
Batting: RHB Steve Jones 0-0: Ground out 4-3 (Groundball, 4, EV 83.1 MPH)
Batting: RHB William-Floyd Goof 0-0: Ball
1-0: Ball
2-0: Called Strike
2-1: Reached on error, E6 (Groundball, 6, EV 86.2 MPH)
Batting: LHB Osamu Kubo 0-0: Called Strike
0-1: Called Strike
0-2: Ball
1-2: Reached on error, E5 (Groundball, 56S, EV 80.0 MPH)
William-Floyd Goof to second
Batting: RHB Alberto Ramirez 0-0: Ball
1-0: Fly out, F3 (Line Drive, 3, EV 75.0 MPH)
Batting: LHB Danny Hill 0-0: Foul Ball, location: 2F
0-1: 3-RUN HOME RUN (Flyball, 78XD, EV 99.4 MPH), Distance : 403 ft
Batting: LHB Jose Fierro 0-0: Ball
1-0: Fly out, F1 (Popup, 13, EV 78.8 MPH)
Bottom of the 3rd over - 3 runs, 1 hit, 2 errors, 0 left on base; Harrisburg 0 - Reading 3
TOP OF THE 4TH
Harrisburg Senators batting - Pitching for Reading Fightin Phils : RHP Jeff Dailey
Batting: LHB Nate Melendez 0-0: Ball
1-0: SINGLE (Groundball, 3S, EV 69.4 MPH) (infield hit)
Batting: RHB Deshawn Boseman 0-0: Ball
1-0: Ball
Nate Melendez steals 2nd base
2-0: Called Strike
2-1: Swinging Strike
2-2: SINGLE (Groundball, 34D, EV 100.0 MPH)
Nate Melendez to third
Batting: RHB Ben Welt 0-0: Ball
1-0: Called Strike
1-1: Grounds into double play, 5-4-3 (Groundball, 56, EV 85.0 MPH)
Nate Melendez scores
Batting: RHB Kevin Whitenack 0-0: Ball
1-0: Called Strike
1-1: Foul Ball, location: 2F
1-2: Ball
2-2: Foul Ball, location: 2F
2-2: Foul Ball, location: 2F
2-2: Ground out 6-3 (Groundball, 6, EV 83.8 MPH)
Top of the 4th over - 1 run, 2 hits, 0 errors, 0 left on base; Harrisburg 1 - Reading 3
BOTTOM OF THE 4TH
Reading Fightin Phils batting - Pitching for Harrisburg Senators : RHP Kalititi Haki
Batting: SHB Benjamin Brown 0-0: Foul Ball, location: 2F
0-1: Ball
1-1: Called Strike
1-2: Foul Ball, location: 2F
1-2: Fly out, F6 (Popup, 56, EV 70.6 MPH)
Batting: RHB Mark Schultz 0-0: Ball
1-0: Swinging Strike
1-1: Ball
2-1: Foul Ball, location: 2F
2-2: Ground out 3-1 (Groundball, 34S, EV 83.8 MPH)
Batting: RHB Carlos Morejon 0-0: Ball
1-0: Swinging Strike
1-1: Ground out 4-3 (Groundball, 4S, EV 70.0 MPH)
Bottom of the 4th over - 0 runs, 0 hits, 0 errors, 0 left on base; Harrisburg 1 - Reading 3
TOP OF THE 5TH
Harrisburg Senators batting - Pitching for Reading Fightin Phils : RHP Jeff Dailey
Batting: RHB John McNeill 0-0: Ball
1-0: Ball
2-0: Called Strike
2-1: SINGLE (Line Drive, 89S, EV 106.2 MPH)
Batting: RHB Jon Buscher 0-0: Swinging Strike
0-1: Called Strike
0-2: Ball
1-2: Foul Ball, location: 2F
1-2: Foul Ball, location: 2F
1-2: Ball
2-2: Strikes out looking
Batting: RHB Travis Stanley 0-0: Ball
1-0: Swinging Strike
1-1: Ball
Wild Pitch!
John McNeill to second
2-1: Foul Ball, location: 2F
2-2: Ground out 5-3 (Groundball, 56S, EV 66.9 MPH)
John McNeill to third
Batting: SHB Dan Castaneda 0-0: Ball
1-0: Called Strike
1-1: SINGLE (Groundball, 3S, EV 68.8 MPH) (infield hit)
John McNeill scores
Batting: RHB Ryan Hiemer 0-0: Ball
Dan Castaneda steals 2nd, throwing error, E2
Dan Castaneda to third
1-0: Called Strike
1-1: Foul Ball, location: 2F
1-2: Ball
2-2: Ball
3-2: Foul Ball, location: 2F
3-2: SINGLE (Line Drive, 4MD, EV 93.8 MPH)
Dan Castaneda scores
Batting: LHB Nate Melendez 0-0: Ball
1-0: Ball
2-0: Called Strike
Ryan Hiemer steals 2nd base
2-1: Ground out 6-3 (Groundball, 6S, EV 85.0 MPH)
Top of the 5th over - 2 runs, 3 hits, 1 error, 1 left on base; Harrisburg 3 - Reading 3
BOTTOM OF THE 5TH
Reading Fightin Phils batting - Pitching for Harrisburg Senators : RHP Kalititi Haki
Batting: RHB Steve Jones 0-0: Called Strike
0-1: Ball
1-1: Foul Ball, location: 2F
1-2: DOUBLE (Line Drive, 78M, EV 92.5 MPH)
Batting: RHB William-Floyd Goof 0-0: Fly out, F9 (Flyball, 9S, EV 88.1 MPH)
Batting: LHB Osamu Kubo 0-0: Called Strike
0-1: Ball
1-1: Fly out, F9 (Line Drive, 9, EV 103.8 MPH)
Batting: RHB Alberto Ramirez 0-0: DOUBLE (Line Drive, 9LM, EV 101.9 MPH)
Steve Jones scores
Batting: LHB Danny Hill 0-0: Ball
1-0: Ball
2-0: Ball
3-0: Base on Balls
Batting: LHB Jose Fierro 0-0: Called Strike
0-1: Called Strike
0-2: SINGLE (Flyball, 6MD, EV 88.8 MPH)
Alberto Ramirez to third
Danny Hill to second
Runner from 3rd tries for Home, SAFE, throw by CF to home
Pitching: LHP John Hattenhauer
Batting: SHB Benjamin Brown 0-0: Foul Ball, location: 2F
0-1: Foul Ball, location: 2F
0-2: Foul Ball, location: 2F
0-2: Ball
1-2: Ball
2-2: Foul Ball, location: 2F
2-2: Ball
3-2: Base on Balls
Danny Hill to third
Jose Fierro to second
Batting: RHB Mark Schultz 0-0: Called Strike
0-1: SINGLE (Line Drive, 34D, EV 99.4 MPH)
Danny Hill scores
Jose Fierro to third
Benjamin Brown to second
Runner from 3rd tries for Home, SAFE, throw by RF to home
Batting: RHB Carlos Morejon 0-0: Ball
1-0: Fly out, F7 (Flyball, 7D, EV 98.1 MPH)
Bottom of the 5th over - 4 runs, 4 hits, 0 errors, 2 left on base; Harrisburg 3 - Reading 7
TOP OF THE 6TH
Harrisburg Senators batting - Pitching for Reading Fightin Phils : RHP Jeff Dailey
Batting: RHB Deshawn Boseman 0-0: Ball
1-0: Called Strike
1-1: DOUBLE (Line Drive, 78D, EV 99.4 MPH)
Pitching: RHP Mike Pickens
Batting: RHB Ben Welt 0-0: Swinging Strike
0-1: Swinging Strike
0-2: Ball
1-2: Foul Ball, location: 2F
1-2: Ground out 5-3 (Groundball, 5S, EV 84.4 MPH)
Batting: RHB Kevin Whitenack 0-0: Ball
1-0: Called Strike
1-1: Foul Ball, location: 2F
1-2: Ball
2-2: Strikes out swinging
Batting: RHB John McNeill 0-0: Called Strike
0-1: Ball
1-1: Foul Ball, location: 2F
1-2: Strikes out swinging
Top of the 6th over - 0 runs, 1 hit, 0 errors, 1 left on base; Harrisburg 3 - Reading 7
BOTTOM OF THE 6TH
Reading Fightin Phils batting - Pitching for Harrisburg Senators : LHP John Hattenhauer
Pitching: RHP Ramon Rodriguez
Batting: RHB Steve Jones 0-0: Called Strike
0-1: Swinging Strike
0-2: Strikes out swinging
Batting: RHB William-Floyd Goof 0-0: Ball
1-0: Ball
2-0: Ground out 3-1 (Groundball, 34, EV 101.2 MPH)
Batting: LHB Osamu Kubo 0-0: Called Strike
0-1: Ball
1-1: Ball
2-1: Ball
3-1: Foul Ball, location: 2F
3-2: Foul Ball, location: 2F
3-2: Foul Ball, location: 2F
3-2: Base on Balls
Batting: RHB Alberto Ramirez 0-0: Ball
1-0: Ball
2-0: SINGLE (Line Drive, 34D, EV 107.5 MPH)
Osamu Kubo to second
Batting: LHB Danny Hill 0-0: Ball
1-0: Ball
2-0: Called Strike
2-1: Ball
3-1: Swinging Strike
3-2: Base on Balls
Osamu Kubo to third
Alberto Ramirez to second
Batting: LHB Jose Fierro 0-0: Called Strike
0-1: Swinging Strike
0-2: Fielders Choice at 2nd, U6 (Groundball, 6M, EV 88.8 MPH)
Bottom of the 6th over - 0 runs, 1 hit, 0 errors, 3 left on base; Harrisburg 3 - Reading 7
TOP OF THE 7TH
Harrisburg Senators batting - Pitching for Reading Fightin Phils : RHP Mike Pickens
Batting: RHB Jon Buscher 0-0: Ball
1-0: Called Strike
1-1: Called Strike
1-2: Ball
2-2: DOUBLE (Line Drive, 89M, EV 90.6 MPH) - OUT at third base trying to stretch hit.
Batting: RHB Travis Stanley 0-0: Ball
1-0: Ball
2-0: Swinging Strike
2-1: Called Strike
2-2: Foul Ball, location: 2F
2-2: Foul Ball, location: 2F
2-2: Ball
3-2: Foul Ball, location: 2F
3-2: Base on Balls
Batting: SHB Dan Castaneda 0-0: Called Strike
Travis Stanley steals 2nd base (no throw)
0-1: Ball
1-1: Foul Ball, location: 2F
1-2: Strikes out swinging
Batting: RHB Ryan Hiemer 0-0: Foul Ball, location: 2F
0-1: Ball
1-1: Ground out 6-3 (Groundball, 6, EV 103.8 MPH)
Top of the 7th over - 0 runs, 1 hit, 0 errors, 1 left on base; Harrisburg 3 - Reading 7
BOTTOM OF THE 7TH
Reading Fightin Phils batting - Pitching for Harrisburg Senators : RHP Ramon Rodriguez
Batting: SHB Benjamin Brown 0-0: Ball
1-0: Ball
2-0: Called Strike
2-1: Called Strike
2-2: Foul Ball, location: 2F
2-2: Foul Ball, location: 2F
2-2: Fly out, F4 (Line Drive, 4, EV 62.5 MPH)
Batting: RHB Mark Schultz 0-0: Ball
1-0: Called Strike
1-1: Ground out U3 (Groundball, 34, EV 90.6 MPH)
Batting: RHB Carlos Morejon 0-0: Called Strike
0-1: Ball
1-1: Ball
2-1: Called Strike
2-2: Strikes out swinging, 2-3 out at first.
Bottom of the 7th over - 0 runs, 0 hits, 0 errors, 0 left on base; Harrisburg 3 - Reading 7
TOP OF THE 8TH
Harrisburg Senators batting - Pitching for Reading Fightin Phils : RHP Mike Pickens
Pitching: RHP Lucas McPhillie
Batting: LHB Nate Melendez 0-0: Called Strike
0-1: Ball
1-1: Foul Ball, location: 2F
1-2: Strikes out swinging
Batting: RHB Deshawn Boseman 0-0: Foul Ball, location: 2F
0-1: Ground out 5-3 (Groundball, 56S, EV 65.0 MPH)
Batting: RHB Ben Welt 0-0: Ball
1-0: Called Strike
1-1: Foul Ball, location: 2F
1-2: Ball
2-2: Foul Ball, location: 2F
2-2: Ball
3-2: Base on Balls
Batting: RHB Kevin Whitenack 0-0: Called Strike
0-1: Ball
1-1: Called Strike
1-2: Ball
2-2: Fielders Choice at 2nd, 5-4 (Groundball, 56, EV 92.5 MPH)
Top of the 8th over - 0 runs, 0 hits, 0 errors, 1 left on base; Harrisburg 3 - Reading 7
BOTTOM OF THE 8TH
Reading Fightin Phils batting - Pitching for Harrisburg Senators : RHP Ramon Rodriguez
Pitching: LHP Mike Alcaraz
Batting: RHB Steve Jones 0-0: Foul Ball, location: 2F
0-1: Ball
1-1: DOUBLE (Groundball, 5L, EV 105.6 MPH)
Batting: RHB William-Floyd Goof 0-0: Ball
1-0: Called Strike
1-1: Ball
2-1: Foul Ball, location: 2F
2-2: Fly out, F8 (Flyball, 8RS, EV 86.2 MPH)
Batting: LHB Osamu Kubo 0-0: Ball
1-0: Ball
2-0: Foul Ball, location: 2F
2-1: Ball
Steve Jones steals 3rd base
3-1: Called Strike
3-2: Foul Ball, location: 2F
3-2: Fly out, F8 (Flyball, 89D, EV 103.1 MPH)
Runner from 3rd tags up, SCORES, throw by CF
Batting: RHB Alberto Ramirez 0-0: Called Strike
0-1: Ground out 6-3 (Groundball, 6, EV 78.8 MPH)
Bottom of the 8th over - 1 run, 1 hit, 0 errors, 0 left on base; Harrisburg 3 - Reading 8
TOP OF THE 9TH
Harrisburg Senators batting - Pitching for Reading Fightin Phils : RHP Lucas McPhillie
Batting: RHB John McNeill 0-0: Ball
1-0: Called Strike
1-1: Ground out 4-3 (Groundball, 4, EV 77.5 MPH)
Batting: RHB Jon Buscher 0-0: Swinging Strike
0-1: Ball
1-1: Ball
2-1: Ball
3-1: Called Strike
3-2: Ground out 5-3 (Groundball, 56S, EV 91.2 MPH)
Batting: RHB Travis Stanley 0-0: Ball
1-0: Ball
2-0: Called Strike
2-1: Foul Ball, location: 2F
2-2: Fly out, F8 (Line Drive, 8LD, EV 95.0 MPH)
Top of the 9th over - 0 runs, 0 hits, 0 errors, 0 left on base; Harrisburg 3 - Reading 8
Wednesday, June 22nd , 2022 - OOTP Baseball 23.4 Build 64